 Dungeon Crawl Stone Soup version 0.29.1-2-gbd0b4ee654 (webtiles) character file.

Game seed: 3194183662665119249

663 funnyparkerb the Cutter (level 7, -10/36 HPs)
             Began as a Vine Stalker Brigand on Oct 26, 2022.
             Killed by divine providence
             ... invoked by an orc priest
              (13 damage)
             ... on level 4 of the Dungeon.
             The game lasted 00:06:45 (3050 turns).

funnyparkerb the Cutter (Vine Stalker Brigand)      Turns: 3050, Time: 00:06:46

Health: -10/36     AC:  9    Str: 13    XL:     7   Next: 56%
Magic:  0/8        EV: 10    Int: 11    God:
Gold:   217        SH:  0    Dex: 18    Spells: 6/6 levels left

rFire   . . .      SeeInvis .   a - +2 dagger
rCold   . . .      Faith    .   (no shield)
rNeg    . . .      Spirit   +   h - +0 scale mail
rPois   .          Reflect  .   r - +1 hat
rElec   .          Harm     .   c - +0 cloak
rCorr   .          Rampage  .   (no gloves)
Will    .....                   f - +0 pair of boots
Stlth   ++........              o - amulet of regeneration
HPRegen 1.72/turn               (no ring)
MPRegen 0.11/turn               (no ring)

@: no status effects
A: fangs 2, regeneration 1, magic shield, antimagic bite, no potion heal 2
a: no special abilities


You were on level 4 of the Dungeon.
You visited 1 branch of the dungeon, and saw 4 of its levels.

You collected 217 gold pieces.

Inventory:

Hand Weapons
 a - a +2 dagger (weapon)
Missiles
 d - 15 poisoned darts (quivered)
 e - 2 curare-tipped darts
Armour
 c - a +0 cloak (worn)
 f - a +0 pair of boots (worn)
 h - a +0 scale mail (worn)
 r - a +1 hat (worn)
Jewellery
 o - an amulet of regeneration (around neck)
Wands
 b - a wand of quicksilver (11)
Scrolls
 i - 3 scrolls of magic mapping {unknown}
 j - 2 scrolls of teleportation {unknown}
 k - a scroll of immolation {unknown}
 m - a scroll of summoning {unknown}
 p - a scroll of enchant armour {unknown}
 q - 3 scrolls of identify {unknown}
Potions
 g - a potion of resistance {unknown}
 l - a potion of flight {unknown}
 n - 2 potions of heal wounds {unknown}
 s - a potion of might {unknown}
 t - 2 potions of curing {unknown}
 u - 2 potions of ambrosia {unknown}
 v - a potion of mutation {unknown}
 w - a potion of haste {unknown}
 x - a potion of attraction {unknown}


   Skills:
 + Level 3.6 Fighting
 - Level 6.0 Short Blades
 - Level 1.7 Throwing
 * Level 2.6 Dodging
 - Level 4.8 Stealth


You had 6 spell levels left.
You didn't know any spells.
Your spell library contained the following spells:

 Spells                   Type           Power      Damage    Failure   Level
 Conjure Flame            Conj/Fire      0%         6-21      99%         3
 Gell's Gravitas          Tloc           0%         N/A       99%         3
 Ignite Poison            Fire/Tmut/Pois 0%         N/A       99%         3
 Lesser Beckoning         Tloc           0%         N/A       99%         3
 Teleport Other           Tloc           0%         N/A       99%         3
 Sticky Flame             Conj/Fire      0%         2d3       100%        4


Dungeon Overview and Level Annotations

Branches:
Dungeon (4/15)
 Temple: D:4-7

Altars:
Kikubaaqudgha
Makhleb
Wu Jian

Shops:
D:4 *


Innate Abilities, Weirdness & Mutations

You have extremely sharp teeth.
Your natural rate of healing is unusually fast.
When hurt, damage is shared between your health and your magic reserves.
Your bite disrupts and absorbs the magic of your enemies.
Potions cannot restore your health.


Message History

The orc barely misses you.
You hit the orc. You bite the orc.
You kill the orc!
You barely miss the quokka. Your bite misses the quokka. You hit the quokka.
Your bite misses the quokka.
The quokka is heavily wounded.
The quokka bites you but does no damage.
The orc priest mumbles some strange prayers to Beogh against you.
Beogh smites you!
You miss the quokka. You bite the quokka, but do no damage.
The quokka is heavily wounded.
The quokka closely misses you.
You miss the quokka. You bite the quokka.
You kill the quokka!
The orc wizard gestures wildly while chanting.
The orc wizard flickers and vanishes!
Deactivating autopickup; reactivate with Ctrl-A.
The orc priest invokes the aid of Beogh against you.
Beogh smites you!
Things that are here:
a +0 short sword; a +0 leather armour; a quokka corpse You hit something.
Your punch misses something. You bite something. You drain its magic.
You feel invigorated. Something hits you but does no damage.
The orc priest mumbles some strange prayers to Beogh against you.
Beogh smites you!
The orc priest invokes the aid of Beogh against you.
Beogh smites you!
* * * LOW HITPOINT WARNING * * *
The orc priest calls down the wrath of Beogh upon you.
Beogh smites you!
* * * LOW HITPOINT WARNING * * *
Okay, then.
The orc priest looks braver for a moment.
A magic dart appears from out of thin air!
The magic dart hits you.
* * * LOW HITPOINT WARNING * * *
The orc priest mumbles some strange prayers to Beogh against you.
Beogh smites you!
You die...

#..###.# #..#
#.# #...##.# ...
..#
#..)...#####.##
#............#
#.#.##########
#.#.##
#....######♣♣
#.....{o)o..♣
##..@####.......
##.## ..♣♣♣♣♣
#.# .♣♣ #.# .#
#.# .# #># .# #.
.# #.


You could see 2 orc priests.

Vanquished Creatures
  Sigmund (D:2)
  Duvessa (D:4)
  Dowan (D:4)
  A jelly (D:4)
  An orc priest (D:3)
  An iguana (D:4)
  Natasha (thrice) (D:2)
  2 orc wizards (D:3)
  A gnoll (D:1)
  3 river rats (D:3)
  2 adders
  9 orcs
  6 ball pythons
  2 bats
  11 endoplasms
  5 giant cockroaches
  2 goblins
  6 hobgoblins
  4 jackals (D:4)
  7 kobolds
  6 quokkas
  9 frilled lizards
  11 rats
95 creatures vanquished.

Notes
Turn   | Place    | Note
-------+----------+-------------------------------------------
     0 | D:1      | funnyparkerb the Vine Stalker Brigand began the quest for
                  | the Orb.
     0 | D:1      | Reached XP level 1. HP: 11/11 MP: 2/2
    77 | D:1      | Reached skill level 2 in Short Blades
   119 | D:1      | Reached XP level 2. HP: 11/15 MP: 3/3
   555 | D:1      | Found a faded altar of an unknown god.
   579 | D:1      | Reached XP level 3. HP: 10/18 MP: 4/4
   967 | D:1      | Reached skill level 3 in Short Blades
  1256 | D:2      | Noticed Sigmund
  1262 | D:2      | Killed Sigmund
  1263 | D:2      | Reached skill level 4 in Short Blades
  1263 | D:2      | Gained mutation: Your natural rate of healing is unusually
                  | fast. [Vine Stalker growth]
  1263 | D:2      | Reached XP level 4. HP: 24/24 MP: 5/5
  1263 | D:2      | Reached XP level 5. HP: 28/28 MP: 6/6
  1290 | D:2      | Noticed Natasha
  1313 | D:2      | Killed Natasha
  1314 | D:2      | Reached skill level 5 in Short Blades
  1314 | D:2      | Reached XP level 6. HP: 32/32 MP: 5/7
  1760 | D:2      | Noticed Natasha
  1767 | D:2      | Killed Natasha
  1778 | D:2      | Noticed Natasha
  1783 | D:2      | Killed Natasha
  2289 | D:3      | Found a burning altar of Makhleb.
  2517 | D:3      | Reached skill level 6 in Short Blades
  2556 | D:3      | Found an ornate altar of the Wu Jian Council.
  2565 | D:3      | Found an ancient bone altar of Kikubaaqudgha.
  2764 | D:3      | Reached skill level 1 in Dodging
  2764 | D:3      | Reached XP level 7. HP: 34/36 MP: 8/8
  2834 | D:4      | Found Diegann's Assorted Antiques.
  2964 | D:4      | Noticed Duvessa
  2970 | D:4      | Noticed Dowan
  2976 | D:4      | Killed Dowan
  2977 | D:4      | Killed Duvessa
  3050 | D:4      | Killed from afar by an orc priest

Illustrated notes

Levels and vault maps discovered:
D:1:      dpeg_arrival_erosion, layout_rooms, basic_ecumenical_altar,
          minivault_14
D:2:      layout_basic, minmay_pentomino_z2, uniq_natasha,
          uniq_crazy_yiuf_cottage, uniq_sigmund
D:3:      layout_rooms, bloody_makhleb, mainiacjoe_overflow_swirl,
          portal_sewer_entry_b, dreamdust_princess_corridor
D:4:      layout_loops_ring, fedhas_altar_4, serial_shops,
          nicolae_shop_statue_plus, roderic_lattice_a, uniq_duvessa

Skill      XL: |  1  2  3  4  5  6  7 |
---------------+----------------------+-----
Short Blades   | 2 4 5 6 |  6.0
Fighting       | 2 3 |  3.6
Dodging        | 1 2 |  2.6
Throwing       | |  1.7
Stealth        | |  4.8

Action                   |  1- 3 |  4- 6 |  7- 9 || total
-------------------------+-------+-------+-------++-------
Melee: Dagger            |    81 |   179 |    38 ||   298
       Bite              |    11 |    60 |    15 ||    86
       Punch             |     1 |     3 |       ||     4
Throw: Dart              |     4 |       |    14 ||    18
Evoke: Wand              |       |       |     3 ||     3
 Stab: Sleeping          |     8 |     4 |       ||    12
Armor: Robe              |     1 |       |       ||     1
       Scale mail        |    17 |    65 |    16 ||    98
Dodge: Dodged            |    26 |    66 |    16 ||   108
